 Dungeon Crawl Stone Soup version 0.27.1-1-g398f81649c (webtiles) character file.

Game seed: 9234388748790235612

140 chaosape the Charlatan (level 5, -7/40 HPs)
             Began as a Gnoll Wanderer on Sept 20, 2021.
             Mangled by an iguana (9 damage)
             ... on level 4 of the Dungeon.
             The game lasted 00:20:03 (5735 turns).

chaosape the Charlatan (Gnoll Wanderer)             Turns: 5735, Time: 00:20:04

Health: -7/40      AC:  5    Str: 11    XL:     5   Next: 22%
Magic:  5/9        EV: 10    Int: 14    God:
Gold:   138        SH:  0    Dex: 10    Spells: 9/10 levels left

rFire    + . .     SeeInvis .   j - +5 whip (elec)
rCold    + . .     Faith    .   (no shield)
rNeg     . . .     Spirit   .   e - +0 ring mail
rPois    .         Reflect  .   (no helmet)
rElec    .         Harm     .   k - scarf {rC+ rF+}
rCorr    .         Rampage  .   (no gloves)
Will     .....                  (no boots)
Stlth    +.........             (no amulet)
HPRegen  0.13/turn              (no ring)
MPRegen  0.11/turn              (no ring)

@: about to teleport, attractive, flying
A: fangs 1, strong nose, distributed training
a: no special abilities


You were on level 4 of the Dungeon.
You visited 1 branch of the dungeon, and saw 4 of its levels.

You collected 138 gold pieces.

Inventory:

Hand Weapons
 a - a +0 club
 c - a +0 club
 d - a +0 dagger
 i - a +0 hunting sling
 j - a +5 whip of electrocution (weapon)
 m - a +0 mace
Missiles
 f - 5 poisoned darts (quivered)
 g - 2 atropa-tipped darts
 n - 2 javelins
 r - a throwing net
Armour
 b - a +0 robe
 e - a +0 ring mail (worn)
 k - a scarf of resistance (worn)
Scrolls
 h - a scroll of amnesia
 o - a scroll of noise {unknown}


   Skills:
 + Level 2.9 Fighting
 + Level 4.7 Short Blades
 + Level 1.4 Long Blades
 + Level 1.4 Axes
 + Level 1.4 Maces & Flails
 + Level 1.4 Polearms
 + Level 1.4 Staves
 + Level 1.4 Slings
 + Level 1.4 Bows
 + Level 1.4 Crossbows
 + Level 1.4 Throwing
 + Level 1.4 Armour
 + Level 2.9 Dodging
 + Level 2.7 Stealth
 + Level 1.4 Shields
 + Level 1.4 Unarmed Combat
 + Level 3.1 Spellcasting
 + Level 3.9 Conjurations
 + Level 1.1 Hexes
 + Level 1.1 Summonings
 + Level 1.1 Necromancy
 + Level 1.1 Translocations
 + Level 1.1 Transmutations
 + Level 1.1 Fire Magic
 + Level 1.1 Ice Magic
 + Level 1.1 Air Magic
 + Level 1.1 Earth Magic
 + Level 1.1 Poison Magic
 + Level 1.5 Invocations
 + Level 4.7 Evocations


You had 9 spell levels left.
You knew the following spells:

 Your Spells              Type           Power      Damage    Failure   Level
a - Magic Dart            Conj           52%        1d5       10%         1

Your spell library contained the following spells:

 Spells                   Type           Power      Damage    Failure   Level
 Blink                    Tloc           N/A        N/A       43%         2
 Call Imp                 Summ           5%         N/A       43%         2
 Ensorcelled Hibernation  Hex/Ice        10%        N/A       43%         2
 Passwall                 Tmut/Erth      4%         N/A       43%         2
 Slow                     Hex            5%         N/A       43%         2
 Wereblood                Tmut           5%         N/A       43%         2
 Conjure Flame            Conj/Fire      9%         6-21      47%         3
 Mephitic Cloud           Conj/Pois/Air  8%         N/A       54%         3
 Spider Form              Tmut/Pois      2%         N/A       67%         3
 Shadow Creatures         Summ           N/A        N/A       100%        6


Dungeon Overview and Level Annotations

Branches:
Dungeon (4/15)
 Temple: D:4-7

Altars:
Zin

Shops:
D:2 ?   D:3 (


Innate Abilities, Weirdness & Mutations

You have very sharp teeth.
Your uncanny sense of smell can sniff out nearby items.
Your experience applies equally to all skills.


Message History

You hit the iguana.
The iguana is heavily wounded.
The iguana barely misses you.
You barely miss the iguana.
The iguana is heavily wounded.
The iguana bites you.
You closely miss the iguana.
The iguana is heavily wounded.
The iguana bites you.
You hit the iguana but do no damage.
The iguana is heavily wounded.
The iguana bites you.
You barely miss the iguana.
The iguana is heavily wounded.
The iguana barely misses you.
You barely miss the iguana.
The iguana is heavily wounded.
The iguana bites you but does no damage.
You completely miss the iguana.
The iguana is heavily wounded.
The iguana bites you.
You hit the iguana.
The iguana is heavily wounded.
The iguana bites you!
* * * LOW HITPOINT WARNING * * *
The iguana closely misses you.
You hit the iguana.
The iguana is severely wounded.
The iguana bites you!
* * * LOW HITPOINT WARNING * * *
It was a potion of flight.
You feel very buoyant.
You fly up into the air.
The iguana bites you.
* * * LOW HITPOINT WARNING * * *
It was a potion of attraction.
You feel attractive to monsters.
The iguana bites you but does no damage.
As you read the scroll of teleportation, it crumbles to dust.
You feel strangely unstable. The iguana bites you!
You die...

......# .....#
#....# ##....## .
##.....<# ...
###.......#
....######.........#
...........#####..)#
......l@#### ##...##
.##....## ##.....#
##... #####......#
##.. ...........##
.#. ###........##
#### ###..###..##
#..# ###.# #..# ###
#.##


You could see an iguana.

Vanquished Creatures
  Jessica (D:2)
  Robin (D:2)
  2 adders (D:2)
  An adder skeleton (D:4)
  A worm (D:2)
  A dart slug (D:1)
  5 orcs (D:3)
  3 ball pythons
  8 endoplasms
  4 giant cockroaches (D:1)
  7 hobgoblins
  3 jackals (D:1)
  3 bats
  5 frilled lizards
  14 goblins
  A kobold (D:3)
  9 rats
69 creatures vanquished.

Notes
Turn   | Place    | Note
-------+----------+-------------------------------------------
     0 | D:1      | chaosape the Gnoll Wanderer began the quest for the Orb.
     0 | D:1      | chaosape set off with the following items: a +0 club, a +0
                  | robe, a scroll of teleportation; and the following spell
                  | memorised: Magic Dart; and the following spells available
                  | to memorise: Conjure Flame, Blink, Call Imp, Passwall,
                  | Slow, Wereblood, Mephitic Cloud
     0 | D:1      | Reached XP level 1. HP: 17/17 MP: 4/4
    41 | D:1      | Found a faded altar of an unknown god.
   503 | D:1      | Reached XP level 2. HP: 22/23 MP: 0/5
  1824 | D:2      | Reached XP level 3. HP: 8/28 MP: 7/7
  3135 | D:2      | Reached skill level 1 in Invocations
  3309 | D:2      | Found a glowing silver altar of Zin.
  3384 | D:2      | Reached skill level 1 in Long Blades
  3384 | D:2      | Reached skill level 1 in Axes
  3384 | D:2      | Reached skill level 1 in Maces & Flails
  3384 | D:2      | Reached skill level 1 in Polearms
  3384 | D:2      | Reached skill level 1 in Staves
  3384 | D:2      | Reached skill level 1 in Slings
  3384 | D:2      | Reached skill level 1 in Bows
  3384 | D:2      | Reached skill level 1 in Crossbows
  3384 | D:2      | Reached skill level 1 in Throwing
  3384 | D:2      | Reached skill level 1 in Armour
  3384 | D:2      | Reached skill level 1 in Shields
  3384 | D:2      | Reached skill level 1 in Unarmed Combat
  3624 | D:2      | Reached XP level 4. HP: 29/34 MP: 0/8
  3694 | D:2      | Noticed Robin
  3721 | D:2      | Killed Robin
  3965 | D:2      | Found Luzot's Magic Scroll Emporium.
  3975 | D:2      | Noticed Jessica
  3981 | D:2      | Killed Jessica
  3982 | D:2      | Reached skill level 1 in Hexes
  3982 | D:2      | Reached skill level 1 in Summonings
  3982 | D:2      | Reached skill level 1 in Necromancy
  3982 | D:2      | Reached skill level 1 in Translocations
  3982 | D:2      | Reached skill level 1 in Transmutations
  3982 | D:2      | Reached skill level 1 in Fire Magic
  3982 | D:2      | Reached skill level 1 in Ice Magic
  3982 | D:2      | Reached skill level 1 in Air Magic
  3982 | D:2      | Reached skill level 1 in Earth Magic
  3982 | D:2      | Reached skill level 1 in Poison Magic
  4561 | D:3      | Found Pomyaw's Antique Weapon Shoppe.
  4622 | D:3      | Reached XP level 5. HP: 40/40 MP: 5/9
  5733 | D:4      | HP: 2/40 [iguana (1)]
  5735 | D:4      | Mangled by an iguana

Illustrated notes

Levels and vault maps discovered:
D:1:      eino_arrival_cavern_c, layout_rooms,
          shapermc_ecumenical_altar_notcrosses
D:2:      layout_basic, serial_shops, nicolae_shop_trees, basic_altar,
          uniq_robin, uniq_jessica
D:3:      layout_loops_ring, serial_shops, shop, kennysheep_potato
D:4:      layout_layer_cave, minivault_1, uniq_natasha, uniq_menkaure

Skill      XL: |  1  2  3  4 |
---------------+-------------+-----
Invocations    | 1 |  1.5
Long Blades    | 1 |  1.4
Axes           | 1 |  1.4
Maces & Flails | 1 |  1.4
Polearms       | 1 |  1.4
Staves         | 1 |  1.4
Slings         | 1 |  1.4
Bows           | 1 |  1.4
Crossbows      | 1 |  1.4
Throwing       | 1 |  1.4
Armour         | 1 |  1.4
Shields        | 1 |  1.4
Unarmed Combat | 1 |  1.4
Spellcasting   | 3 |  3.1
Hexes          | 1 |  1.1
Summonings     | 1 |  1.1
Necromancy     | 1 |  1.1
Translocations | 1 |  1.1
Transmutations | 1 |  1.1
Fire Magic     | 1 |  1.1
Ice Magic      | 1 |  1.1
Air Magic      | 1 |  1.1
Earth Magic    | 1 |  1.1
Poison Magic   | 1 |  1.1
Fighting       | |  2.9
Short Blades   | |  4.7
Dodging        | |  2.9
Stealth        | |  2.7
Conjurations   | |  3.9
Evocations     | |  4.7

Action                   |  1- 3 |  4- 6 || total
-------------------------+-------+-------++-------
Melee: Dagger            |   100 |    19 ||   119
       Bite              |     5 |     5 ||    10
       Whip              |       |    26 ||    26
Throw: Dart              |     2 |       ||     2
 Cast: Magic Dart        |    54 |    67 ||   121
  Use: Scroll            |     3 |     1 ||     4
       Potion            |       |     2 ||     2
Armor: Ring mail         |    26 |    14 ||    40
       Robe              |     2 |       ||     2
Dodge: Dodged            |    45 |    25 ||    70
